 Dungeon Crawl Stone Soup version 0.30.0-29-ga12c61a403 (webtiles) character file.

Game seed: 15251524939935438424

284 cheesebisquit the Ruffian (level 6, -12/62 HPs)
             Began as a Troll Transmuter on June 22, 2023.
             Mangled by Pikel
             ... wielding a +0 whip of electrocution
              (20 damage)
             ... on level 4 of the Dungeon.
             The game lasted 00:09:10 (2669 turns).

cheesebisquit the Ruffian (Troll Transmuter)        Turns: 2669, Time: 00:09:11

Health: -12/62     AC:  5    Str: 25    XL:     6   Next: 7%
Magic:  2/6        EV:  9    Int: 11    God:
Gold:   153        SH:  5    Dex: 10    Spells: 4/7 levels left

rFire   . .          .
                       - Unarmed
rCold   . . .        (no shield)
rNeg    . . .        a - +1 robe
rPois   .            (helmet currently unavailable)
rElec   .            (no cloak)
rCorr   .            (gloves unavailable)
SInv    .            (boots unavailable)
Will    .....        w - amulet of reflection
Stlth   +            r - ring of flight
HPRegen 1.10/turn    s - +6 ring of strength
MPRegen 0.10/turn

%: reflection
@: appendages (expiring), wereblooded, flying, very slightly contaminated
A: horns 2, talons 2, large, unfitting armour, claws 3, regeneration 1, shaggy
fur 1, tough skin 1
a: End Transformation


You were on level 4 of the Dungeon.
You had temporarily grown beastly horns and talons.
You visited 1 branch of the dungeon, and saw 4 of its levels.

You collected 153 gold pieces.

Inventory:

Hand Weapons
 x - a +0 morningstar
Missiles
 m - 2 javelins
 q - 6 poisoned darts
 t - 2 throwing nets
Armour
 a - a +1 robe (worn)
 y - a +2 kite shield
Jewellery
 o - a ring of ice
 r - a ring of flight (left claw)
 s - a +6 ring of strength (right claw)
 u - a ring of positive energy
 w - an amulet of reflection (around neck)
Scrolls
 d - a scroll of vulnerability
 e - a scroll of amnesia {unknown}
 f - 2 scrolls of fog
 g - a scroll of blinking
 j - 2 scrolls of identify {unknown}
 k - 2 scrolls of teleportation
 v - a scroll of enchant armour
Potions
 b - a potion of lignification
 c - a potion of magic {unknown}
 h - 2 potions of heal wounds {unknown}
 i - a potion of brilliance
 l - a potion of degeneration {unknown}
 n - 2 potions of attraction {unknown}
 p - a potion of mutation {unknown}
 z - a potion of resistance {unknown}


   Skills:
 + Level 3.8 Fighting
 - Level 1.5 Dodging
 - Level 5.0 Unarmed Combat
 - Level 1.2 Spellcasting
 - Level 1.3 Transmutations


You had 4 spell levels left.
You knew the following spells:

 Your Spells              Type           Power      Damage    Failure   Level
a - Beastly Appendage     Tmut           6%         N/A       19%         1
b - Wereblood             Tmut           3%         N/A       26%         2

Your spell library contained the following spells:

 Spells                   Type           Power      Damage    Failure   Level
 Spider Form              Tmut/Pois      2%         N/A       56%         3
 Summon Guardian Golem    Hex/Summ       0%         N/A       67%         3
 Ice Form                 Ice/Tmut       2%         N/A       93%         4
 Orb of Destruction       Conj           0%         9d5       100%        7
 Spellforged Servitor     Conj/Summ      0%         N/A       100%        7


Dungeon Overview and Level Annotations

Branches:
Dungeon (4/15)
 Temple: D:4-7

Altars:
Fedhas

Annotations:
D:4 Pikel


Innate Abilities, Weirdness & Mutations

You have temporarily grown beastly horns and talons.
You are too large for most types of armour.
You have claws for hands.
Your natural rate of healing is unusually fast.
You are covered in fur. (AC +1)
You have tough skin. (AC +1)


Message History

Press: ? - help, Q - select action, (/) - cycle Dir - look around, f - activate You miscast Beastly Appendage.
Nothing appears to happen.
You block Pikel's attack. The lemure barely misses you. x2
Casting: Beastly Appendage (safe; 19% risk of failure)
Press: ? - help, Q - select action, (/) - cycle Dir - look around, f - activate You grow a pair of large bovine horns.
Your feet morph into talons.
You block the lemure's attack.
Pikel hits you with a +0 whip of electrocution!
The lemure hits you. The lemure barely misses you.
Casting: Beastly Appendage (safe; 19% risk of failure)
Confirm with . or Enter, or press ? or * to list all spells.
Your blood is infused with primal strength.
Pikel hits you with a +0 whip of electrocution.
The lemure closely misses you. The lemure hits you.
The lemure hits you but does no damage. Pikel attacks as you move away!
Pikel hits you with a +0 whip of electrocution!
You are electrocuted!
The lemure hits you!
Your transformation is almost over.
The lemure hits you but does no damage. x2
You scratch the lemure.
The lemure is lightly wounded.
Pikel barely misses you. The lemure hits you. Pikel attacks as you move away!
Pikel closely misses you.
You closely miss Pikel. You claw Pikel. You headbutt Pikel, but do no damage.
Pikel is lightly wounded.
You block Pikel's attack.
You scratch Pikel. You headbutt Pikel.
Pikel is moderately wounded.
Pikel misses you.
You scratch Pikel. You headbutt Pikel.
Pikel is heavily wounded.
Pikel hits you with a +0 whip of electrocution!
* * * LOW HITPOINT WARNING * * *
You barely miss Pikel. Your kick misses Pikel.
Pikel is heavily wounded.
Pikel hits you with a +0 whip of electrocution.
* * * LOW HITPOINT WARNING * * *
You are electrocuted!!
You die...

.. #....## #..
####..#### #...
###......#.##
..)..##...........##
...................## ##
....#<...5........##.##
... ##5.555.....##....##
.......##K###..##......#
.....#.##@.#...#...#.###
...#.####..#.......###
.. . ........##.# . ..
.........##.### .#
.#.............#
..#.............# ##
......###.##.## .......
#...## .# ..##..#####..#
....


You could see Pikel and 4 lemures.

Vanquished Creatures
  Duvessa (D:4)
  Dowan (D:4)
  An iguana (D:4)
  A gnoll (D:3)
  3 adders
  2 worms (D:3)
  A dart slug (D:1)
  7 ball pythons
  7 bats
  4 endoplasms
  6 giant cockroaches
  6 goblins
  7 hobgoblins
  7 kobolds
  A quokka (D:1)
  3 frilled lizards
  5 rats
63 creatures vanquished.

Notes
Turn   | Place    | Note
-------+----------+-------------------------------------------
     0 | D:1      | cheesebisquit the Troll Transmuter began the quest for the
                  | Orb.
     0 | D:1      | Reached XP level 1. HP: 18/18 MP: 1/1
   131 | D:1      | Reached XP level 2. HP: 20/26 MP: 0/2
   199 | D:1      | Reached skill level 4 in Unarmed Combat
   363 | D:1      | Reached XP level 3. HP: 32/32 MP: 1/3
  1374 | D:3      | Reached XP level 4. HP: 40/40 MP: 2/4
  1475 | D:3      | Found a blossoming altar of Fedhas.
  1497 | D:3      | Reached skill level 5 in Unarmed Combat
  1528 | D:3      | Reached skill level 1 in Fighting
  2452 | D:4      | Noticed Duvessa
  2453 | D:4      | Noticed Dowan
  2468 | D:3      | Learned a level 2 spell: Wereblood
  2497 | D:4      | Killed Duvessa
  2498 | D:4      | Reached XP level 5. HP: 42/53 MP: 1/5
  2512 | D:4      | Killed Dowan
  2513 | D:4      | Reached XP level 6. HP: 11/62 MP: 1/6
  2653 | D:4      | Noticed Pikel
  2669 | D:4      | Mangled by Pikel

Illustrated notes

Levels and vault maps discovered:
D:1:      evilmike_arrival_hilbert_curve, layout_rooms
D:2:      layout_basic, serial_curves, eino_curves_02, eino_curves_02,
          minmay_quantized
D:3:      layout_loops_corners, mainiacjoe_overflow_alcove_4, serial_rivers,
          chequers_serial_rivers_room_a, chequers_serial_rivers_large_a,
          chequers_serial_rivers_micro_e, chequers_serial_rivers_room_b,
          minmay_box_of_dots
D:4:      layout_cave_pools, uniq_duvessa, uniq_pikel

Skill      XL: |  1  2  3  4 |
---------------+-------------+-----
Unarmed Combat | 4 5 |  5.0
Fighting       | 3 |  3.8
Dodging        | |  1.5
Spellcasting   | |  1.2
Transmutations | |  1.3

Action                     |  1- 3 |  4- 6 || total
---------------------------+-------+-------++-------
  Melee: Unarmed           |    94 |    48 ||   142
         Kick              |    12 |     9 ||    21
         Headbutt          |     5 |     7 ||    12
         Punch             |       |     1 ||     1
   Cast: Beastly Appendage |    25 |    17 ||    42
         Wereblood         |       |     1 ||     1
    Use: Scroll            |       |     6 ||     6
 Armour: Robe              |    47 |    11 ||    58
  Dodge: Dodged            |    46 |    22 ||    68
  Block: Other             |       |    12 ||    12
         Reflection        |       |     2 ||     2
